 Dungeon Crawl Stone Soup version 0.27-a0-887-gcab673c142 (webtiles) character file.

Game seed: 5133824663080906608

279 rageheart7 the Insei (level 6, 0/47 HPs)
             Began as a Gnoll Transmuter on Apr 3, 2021.
             Slain by an orc wizard
             ... wielding a +4 dagger
              (8 damage)
             ... on level 3 of the Dungeon.
             The game lasted 00:04:11 (3020 turns).

rageheart7 the Insei (Gnoll Transmuter)             Turns: 3020, Time: 00:04:11

Health: 0/47       AC:  2    Str: 11    XL:     6   Next: 26%
Magic:  14/14      EV: 13    Int: 12    God:
Gold:   912        SH:  0    Dex: 13    Spells: 11/15 levels left

rFire    . . .     SeeInvis .     - Unarmed
rCold    . . .     Faith    .   (no shield)
rNeg     . . .     Spirit   .   a - +0 robe
rPois    .         Reflect  .   (helmet currently unavailable)
rElec    .         Harm     .   h - scarf {shadows}
rCorr    .         Rampage  .   (no gloves)
Will     .....                  (boots currently unavailable)
Stlth    +.........             (no amulet)
HPRegen  0.15/turn              (no ring)
MPRegen  0.14/turn              (no ring)

@: confused, appendages (expiring)
A: horns 2, talons 2, fangs 1, strong nose, distributed training
a: End Transformation


You were on level 3 of the Dungeon.
You had temporarily grown beastly horns and talons.
You visited 1 branch of the dungeon, and saw 3 of its levels.

You collected 912 gold pieces.

Inventory:

Armour
 a - a +0 robe (worn)
 b - a +0 helmet (melded)
 h - a scarf of shadows (worn)
Wands
 e - a wand of random effects (25)
Scrolls
 c - a scroll of brand weapon {unknown}
 d - a scroll of teleportation
 g - a scroll of enchant armour {unknown}
Potions
 f - a potion of degeneration {unknown}


   Skills:
 + Level 3.2 Fighting
 + Level 1.9 Short Blades
 + Level 1.9 Long Blades
 + Level 1.9 Axes
 + Level 1.9 Maces & Flails
 + Level 1.9 Polearms
 + Level 1.9 Staves
 + Level 1.9 Slings
 + Level 1.9 Bows
 + Level 1.9 Crossbows
 + Level 1.9 Throwing
 + Level 1.9 Armour
 + Level 4.9 Dodging
 + Level 1.9 Stealth
 + Level 1.9 Shields
 + Level 6.8 Unarmed Combat
 + Level 5.3 Spellcasting
 + Level 1.5 Conjurations
 + Level 1.5 Hexes
 + Level 1.5 Summonings
 + Level 1.5 Necromancy
 + Level 1.5 Translocations
 + Level 4.1 Transmutations
 + Level 1.5 Fire Magic
 + Level 1.5 Ice Magic
 + Level 1.5 Air Magic
 + Level 1.5 Earth Magic
 + Level 1.5 Poison Magic
 + Level 2.1 Invocations
 + Level 1.9 Evocations


You had 11 spell levels left.
You knew the following spells:

 Your Spells              Type           Power      Damage    Failure   Level
a - Beastly Appendage     Tmut           26%        N/A       3%          1
b - Spider Form           Tmut/Pois      4%         N/A       19%         3

Your spell library contained the following spells:

 Spells                   Type           Power      Damage    Failure   Level
 Wereblood                Tmut           13%        N/A       5%          2
 Ice Form                 Ice/Tmut       9%         N/A       52%         4
 Hydra Form               Tmut           6%         N/A       69%         5


Dungeon Overview and Level Annotations

Branches:
Dungeon (3/15)

Altars:
Fedhas
Sif Muna


Innate Abilities, Weirdness & Mutations

You have temporarily grown beastly horns and talons.
You have very sharp teeth.
Your uncanny sense of smell can sniff out nearby items.
Your experience applies equally to all skills.


Message History

You hit something but do no damage. Something hits you.
You miss something. Something hits you.
You closely miss something. You claw something.
Your transformation is almost over.
The orc priest mumbles some strange prayers to Beogh against you.
Beogh smites you! Something hits you!
You are too injured to fight recklessly!
You are too injured to fight recklessly!
You are too injured to fight recklessly!
You are too injured to fight recklessly!
You are too injured to fight recklessly!
You are too injured to fight recklessly!
You are too injured to fight recklessly!
You are too injured to fight recklessly!
You are too injured to fight recklessly!
You are too injured to fight recklessly!
You are too injured to fight recklessly!
You are too injured to fight recklessly!
You are too injured to fight recklessly!
You are too injured to fight recklessly!
You are too injured to fight recklessly!
You are too injured to fight recklessly!
You are too injured to fight recklessly!
You are too injured to fight recklessly!
You are too injured to fight recklessly!
You are too injured to fight recklessly!
You are too injured to fight recklessly!
You are too injured to fight recklessly!
You hit something. You barely miss something. Something hits you.
You closely miss something. You headbutt something. Your bite misses something.
You hear some strange, mumbled words.
A magic dart appears from out of thin air!
The magic dart hits you!
* * * LOW HITPOINT WARNING * * *
You closely miss something. You claw something. You bite something.
You hear some strange, mumbled words.
You are confused.
You bump into the rock wall.
Something hits you!
You die...

#.#
#.#
#.#
#.#
#.#
#.#
#.#
#.#
#@#
#{#
#o#
.o#
###


You could see an orc priest and an orc.

Vanquished Creatures
  Purgy (D:3)
  2 orc priests (D:3)
  Jessica (D:3)
  3 adders (D:2)
  3 worms (D:2)
  4 dart slugs
  5 orcs (D:3)
  6 endoplasms
  3 giant cockroaches
  3 goblins
  3 hobgoblins
  5 jackals
  A quokka (D:2)
  4 bats
  2 frilled lizards
  4 kobolds
  6 rats
56 creatures vanquished.

Notes
Turn   | Place    | Note
-------+----------+-------------------------------------------
     0 | D:1      | rageheart7 the Gnoll Transmuter began the quest for the
                  | Orb.
     0 | D:1      | Reached XP level 1. HP: 17/17 MP: 6/6
   184 | D:1      | Reached XP level 2. HP: 15/23 MP: 7/7
   631 | D:1      | Reached XP level 3. HP: 28/28 MP: 7/9
   636 | D:1      | Reached skill level 5 in Spellcasting
  1005 | D:2      | Reached skill level 1 in Invocations
  1121 | D:2      | Reached skill level 1 in Short Blades
  1121 | D:2      | Reached skill level 1 in Long Blades
  1121 | D:2      | Reached skill level 1 in Axes
  1121 | D:2      | Reached skill level 1 in Maces & Flails
  1121 | D:2      | Reached skill level 1 in Polearms
  1121 | D:2      | Reached skill level 1 in Staves
  1121 | D:2      | Reached skill level 1 in Slings
  1121 | D:2      | Reached skill level 1 in Bows
  1121 | D:2      | Reached skill level 1 in Crossbows
  1121 | D:2      | Reached skill level 1 in Throwing
  1121 | D:2      | Reached skill level 1 in Armour
  1121 | D:2      | Reached skill level 1 in Stealth
  1121 | D:2      | Reached skill level 1 in Shields
  1121 | D:2      | Reached skill level 1 in Evocations
  1362 | D:2      | Reached XP level 4. HP: 24/34 MP: 11/11
  2034 | D:3      | Found a blossoming altar of Fedhas.
  2035 | D:3      | Identified a scroll of acquirement
  2035 | D:3      | Acquired 830 gold pieces
  2042 | D:3      | Learned a level 3 spell: Spider Form
  2082 | D:3      | Noticed Jessica
  2140 | D:3      | Killed Jessica
  2141 | D:3      | Reached skill level 1 in Conjurations
  2141 | D:3      | Reached skill level 1 in Hexes
  2141 | D:3      | Reached skill level 1 in Summonings
  2141 | D:3      | Reached skill level 1 in Necromancy
  2141 | D:3      | Reached skill level 1 in Translocations
  2141 | D:3      | Reached skill level 1 in Fire Magic
  2141 | D:3      | Reached skill level 1 in Ice Magic
  2141 | D:3      | Reached skill level 1 in Air Magic
  2141 | D:3      | Reached skill level 1 in Earth Magic
  2141 | D:3      | Reached skill level 1 in Poison Magic
  2284 | D:3      | Noticed Purgy
  2297 | D:3      | Killed Purgy
  2298 | D:3      | Reached XP level 5. HP: 13/41 MP: 12/12
  2562 | D:3      | Reached XP level 6. HP: 28/47 MP: 13/13
  2905 | D:3      | Found a shimmering blue altar of Sif Muna.
  3020 | D:3      | Slain by an orc wizard

Illustrated notes

Levels and vault maps discovered:
D:1:      heliophobic_arrival_battle_scene, layout_loops_ring
D:2:      layout_rooms
D:3:      layout_basic, nicolae_sif_muna_condensation, fedhas_altar_2,
          serial_rivers, chequers_serial_rivers_micro_d,
          chequers_serial_rivers_large_a, chequers_serial_rivers_small_b,
          chequers_serial_rivers_marsh, chequers_serial_rivers_micro_c,
          uniq_jessica, uniq_purgy

Skill      XL: |  1  2  3  4  5 |
---------------+----------------+-----
Spellcasting   | 5 |  5.3
Invocations    | 1 2 |  2.1
Short Blades   | 1 |  1.9
Long Blades    | 1 |  1.9
Axes           | 1 |  1.9
Maces & Flails | 1 |  1.9
Polearms       | 1 |  1.9
Staves         | 1 |  1.9
Slings         | 1 |  1.9
Bows           | 1 |  1.9
Crossbows      | 1 |  1.9
Throwing       | 1 |  1.9
Armour         | 1 |  1.9
Stealth        | 1 |  1.9
Shields        | 1 |  1.9
Evocations     | 1 |  1.9
Conjurations   | 1 |  1.5
Hexes          | 1 |  1.5
Summonings     | 1 |  1.5
Necromancy     | 1 |  1.5
Translocations | 1 |  1.5
Fire Magic     | 1 |  1.5
Ice Magic      | 1 |  1.5
Air Magic      | 1 |  1.5
Earth Magic    | 1 |  1.5
Poison Magic   | 1 |  1.5
Fighting       | 3 |  3.2
Transmutations | 4 |  4.1
Dodging        | |  4.9
Unarmed Combat | |  6.8

Action                   |  1- 3 |  4- 6 || total
-------------------------+-------+-------++-------
Melee: Unarmed           |    88 |    83 ||   171
       Bite              |     5 |     4 ||     9
       Kick              |    14 |    15 ||    29
       Headbutt          |     5 |    11 ||    16
       Punch             |     3 |     1 ||     4
 Cast: Beastly Appendage |    19 |    14 ||    33
  Use: Scroll            |       |     4 ||     4
       Potion            |       |     1 ||     1
Armor: Robe              |    23 |     8 ||    31
Dodge: Dodged            |    62 |    41 ||   103

Table legend: (Time is in decaauts)
 A = Elapsed time spent in this place.
 B = Non-inter-level travel time spent in this place.
 C = Inter-level travel time spent in this place.
 D = Time resting spent in this place.
 E = Time spent auto-exploring this place.
 F = Levels seen in this place.
 G = Mean time per level.
                   A        B        C        D        E       F      G
               +--------+--------+--------+--------+--------+-----+--------+
         Total |   3006 |   2974 |     32 |      0 |   2532 |   3 | 1002.0 |
       Dungeon |   3006 |   2974 |     32 |      0 |   2532 |   3 | 1002.0 |
               +--------+--------+--------+--------+--------+-----+--------+

Top non-repeatable levels by time:
     D:1: 1090 daAuts
     D:3: 988 daAuts
     D:2: 927 daAuts
